 Dungeon Sprint DCSS version 0.16-a0-4088-g7c8221e (console) character file.

1000000 Monkaria the Warrior (level 12, -4/130 HPs)
             Began as a Ghoul Fighter on Feb 23, 2015.
             Slain by a bag of meat
             ... wielding a +9 war axe
              (16 damage)
             ... in the Dungeon (Sprint VIII: "Arena of Blood").
             The game lasted 00:00:38 (10 turns).

Monkaria the Warrior (Ghoul Fighter)                  Turns: 10, Time: 00:00:38

Health: -4/130     AC: 10    Str: 21    XL:     12   Next: 85%
Magic:  9/9        EV: 10    Int:  7    God:
Gold:   0          SH:  0    Dex:  8    Spells: 0 memorised, 11 levels left

rFire  . . .     SeeInvis .     i - +∞ Axe of Woe
rCold  + . .     Clarity  .     b - +0 scale mail
rNeg   + + +     SustAb   .     (no shield)
rPois  ∞         Gourm    .     (no helmet)
rElec  .         Spirit   .     (no cloak)
rCorr  .         Warding  .     (no gloves)
rMut   .         NoTele   +     (no boots)
MR     .....                    (no amulet)
Stlth  ..........               (no ring)
                                (no ring)

@: rotting, not resistant to hostile enchantments, extremely unstealthy
A: rotting body, claws 1, carnivore 3, cold resistance 1, negative energy
resistance 3, poison resistance, slow healing 1, torment resistance, unbreathing
a: no special abilities


You were in the Dungeon.
You were not hungry.

You visited 1 branch

Inventory:

Hand weapons
 a - a +0 war axe
 i - the +∞ Axe of Woe (weapon)
   (You found it in the Dungeon)
Armour
 b - a +0 scale mail (worn)
 c - a +0 shield
Scrolls
 j - a scroll of blinking
Potions
 d - a potion of curing
 e - a potion of might
 f - a potion of heal wounds
 g - a potion of haste
 h - 2 potions of magic


   Skills:
 + Level 19.0 Fighting
 + Level 9.0 Axes
 + Level 16.4 Armour
 + Level 16.2 Shields


You had 11 spell levels left.
You didn't know any spells.

Dungeon Overview and Level Annotations

Branches:
Dungeon (1/1)

Altars:
Makhleb


Innate Abilities, Weirdness & Mutations

Your body is rotting away.
You thrive on raw meat.
You have sharp fingernails.
You are carnivorous and can eat meat at any time.
Your flesh is cold resistant.
You are immune to negative energy.
Your system is resistant to poisons.
You heal slowly when monsters are visible.
You are immune to unholy pain and torment.
You can survive without breathing.


Message History

The bag of meat hits you with a +9 war axe!!
* * * LOW HITPOINT WARNING * * *
You hear a shout! x2
A meat berserker comes into view. It is wielding a +9 battleaxe.
Unknown command.
You slice the bag of meat!! You chop the bag of meat into pieces.
You kill the bag of meat!
Your Fighting skill gained 3 levels and is now at level 19!
Your Axes skill gained 2 levels and is now at level 9!
Your Armour skill gained 2 levels and is now at level 16!
Your Shields skill gained 2 levels and is now at level 16!
You have reached level 12!
Your experience leads to an increase in your attributes!
Increase (S)trength, (I)ntelligence, or (D)exterity?
You feel clever.
You hear a shout!
The meat berserker rages.
You hear a shout! x10
The bag of meat hits you with a +9 war axe!
You die...

. . .. .. #. .#
#.. ..# .###..
..###.
.......###.......
........@).o.....
.....#Ooo..#.....
. #_.o._# .
#o....#
....._.....
......###......
o###.. ..###o #..
o.# #.. ..#


You could see a meat berserker (berserk) and 6 bags of meat.

Vanquished Creatures
  2 orcs (D)
2 creatures vanquished.

Notes
Turn   | Place    | Note
--------------------------------------------------------------
     0 | D        | Monkaria, the Ghoul Fighter, began the quest for the Orb.
     0 | D        | Reached XP level 1. HP: 19/19 MP: 1/1
     2 | D        | Noticed a bag of meat
     3 | D        | Noticed a bag of meat
     4 | D        | Noticed a bag of meat
     4 | D        | Noticed a bag of meat
     4 | D        | Noticed a bag of meat
     6 | D        | Noticed a bag of meat
     7 | D        | Noticed a bag of meat
     8 | D        | Noticed a bag of meat
     9 | D        | Killed a bag of meat
     9 | D        | Reached skill level 16 in Fighting
     9 | D        | Reached XP level 2. HP: 22/50 MP: 2/2
     9 | D        | Reached XP level 3. HP: 25/57 MP: 3/3
     9 | D        | Reached XP level 4. HP: 28/64 MP: 3/3
     9 | D        | Reached XP level 5. HP: 31/71 MP: 4/4
     9 | D        | Reached XP level 6. HP: 34/80 MP: 5/5
     9 | D        | Reached XP level 7. HP: 36/86 MP: 5/5
     9 | D        | Reached XP level 8. HP: 39/94 MP: 6/6
     9 | D        | Reached XP level 9. HP: 41/101 MP: 7/7
     9 | D        | Reached XP level 10. HP: 43/108 MP: 7/7
     9 | D        | Reached XP level 11. HP: 46/116 MP: 8/8
    10 | D        | Noticed a meat berserker
    10 | D        | Killed a bag of meat
    10 | D        | Reached skill level 19 in Fighting
    10 | D        | Reached XP level 12. HP: 12/130 MP: 9/9
    10 | D        | Slain by a bag of meat

Action                   |  1- 3 |  4- 6 |  7- 9 | 10-12 || total
-------------------------+-------+-------+-------+-------++-------
Melee: Executioner's axe |     1 |       |       |     1 ||     2
